Map: Habitation Station LE (Void)

Players

MarineLorD - Winner!

  • Race: Terran Terran
  • Spawn Location: 11:00

harstem

  • Race: Protoss Protoss
  • Spawn Location: 1:00

Event: WESG 2016 Finals

VOD

Have the link to the VOD?

Description

Time

  • Played on: Jan. 12, 2017, 5:07 a.m.
  • Length: 10:48

All games in this series

Show
View Real Time Build Order
Export as new Build Order

MarineLorD Terran - Winner!

Build Orders: Reaper Expand, MMM Bio 

Get SALT Encoding   

  12  0:00  SCV  
  13  0:12  SCV  
  14  0:17  Supply Depot  
  14  0:24  SCV  
  15  0:29  Refinery  
  15  0:38  SCV  
  16  0:47  Barracks  
  16  0:50  SCV  
  17  1:03  SCV  
  18  1:15  SCV  
  19  1:33  Orbital Command  
  19  1:34  Reaper  
  20  1:44  Command Center  
  20  1:56  Factory  
  20  2:00  SCV  
  21  2:06  Barracks Reactor  
  21  2:11  Supply Depot  
  21  2:14  SCV  
  22  2:26  SCV  
  22  2:29  Refinery  
  23  2:38  SCV  
  23  2:40  Widow Mine  
  23  2:42  Marine x2  
  28  2:50  SCV  
  29  2:54  Starport  
  29  2:58  Orbital Command  
  29  3:02  SCV  
  29  3:03  Marine x2  
  32  3:09  Widow Mine  
  34  3:14  SCV  
  35  3:21  Marine x2  
  35  3:26  SCV  
  38  3:34  SCV  
  38  3:36  Medivac  
  38  3:38  SCV, Supply Depot  
  38  3:39  Marine x2  
  43  3:48  SCV  
  43  3:50  Barracks  
  43  3:51  SCV  
  45  3:55  Barracks  
  45  3:58  Factory Tech Lab  
  45  4:01  SCV  
  45  4:03  SCV  
  46  4:10  Marine x2  
  48  4:17  SCV x2  
  48  4:20  Refinery, Engineering Bay  
  50  4:26  Supply Depot  
  50  4:27  Starport Reactor  
  50  4:28  Starport Tech Lab  
  50  4:29  SCV x2  
  52  4:39  Marine x2  
  52  4:40  Factory Reactor  
  54  4:48  SCV  
  53  5:00  SCV  
  53  5:02  Marine  
  53  5:03  Stimpack  
  52  5:07  Missile Turret, Terran Infantry Weapons Level 1  
  52  5:08  SCV  
  52  5:10  Missile Turret  
  52  5:11  Marine x2  
  52  5:12  SCV  
  52  5:13  Starport Reactor  
  57  5:14  Combat Shields  
  57  5:15  Marauder  
  57  5:20  SCV  
  59  5:22  Supply Depot  
  59  5:23  Supply Depot  
  59  5:24  SCV  
  59  5:27  Marauder  
  62  5:37  Supply Depot  
  62  5:43  SCV x2, Widow Mine x2  
  62  5:44  Marauder  
  62  5:45  Marine x2  
  62  5:48  Marauder  
  62  5:49  Medivac  
  76  5:50  Medivac  
  76  5:56  Supply Depot  
  78  5:57  Supply Depot  
  78  5:59  SCV x2  
  78  6:02  Marine x2  
  82  6:05  Marauder  
  84  6:12  Widow Mine  
  84  6:17  Widow Mine  
  88  6:19  Marauder  
  88  6:20  Marine x2  
  88  6:21  Medivac  
  88  6:22  Medivac  
  96  6:30  Supply Depot  
  96  6:36  Command Center  
  96  6:39  Marauder  
  98  6:42  Marine x2, Marauder  
  102  6:51  Supply Depot x2  
  102  6:52  SCV  
  103  6:57  SCV  
  104  7:04  Concussive Shells, SCV  
  103  7:13  Marauder  
  103  7:16  SCV  
  103  7:19  Liberator  
  103  7:20  Marauder, Marine x2  
  106  7:23  Barracks x2, Terran Infantry Armor Level 1  
  106  7:24  SCV  
  106  7:28  SCV  
  108  7:34  Marauder  
  113  7:38  Marine x2  
  113  7:40  SCV  
  113  7:42  Marauder  
  118  7:47  Widow Mine x2  
  118  7:50  Orbital Command  
  122  7:52  Refinery  
  122  7:56  Marauder, Marine  
  122  7:58  Marine  
  126  8:01  Missile Turret  
  125  8:06  Marauder  
  128  8:13  Barracks Tech Lab  
  128  8:14  Barracks Reactor, Marine  
  128  8:15  Marine  
  128  8:17  Marauder  
  129  8:24  Liberator x2  
  128  8:28  Marauder  
  128  8:32  Marine  
  128  8:33  Marine  
  129  8:35  Marauder  
  129  8:38  Marine  
  128  8:42  Orbital Command  
  128  8:44  Widow Mine x2  
  136  8:49  Marauder, Marine  
  136  8:51  Marine  
  134  8:56  Marauder  
  134  8:57  Marine x2  
  139  9:06  SCV  
  139  9:07  Marine  
  141  9:11  SCV  
  141  9:13  SCV  
  141  9:14  Armory  
  141  9:15  Marine, Marauder, Engineering Bay  
  145  9:19  Supply Depot  
  147  9:24  Marauder  
  147  9:26  Marine  
  147  9:27  Marauder  
  147  9:30  Marine  
  142  9:36  Marauder  
  132  9:42  Marine x2  
  132  9:45  Marauder  
  130  9:48  Marauder  
  130  9:51  Refinery x2, SCV x2  
  134  9:53  Missile Turret  
  134  9:54  Widow Mine x2  
  134  9:56  Medivac x2  
  134  9:59  Marine, Marauder  
  145  10:01  Marine x2  
  145  10:02  Marine  
  148  10:15  Starport  
  148  10:17  Marine, Marauder  
  149  10:29  Marine  
Show
View Real Time Build Order
Export as new Build Order

harstem Protoss 

Build Orders: 1 Gate Expand, Oracle Opening 

Get SALT Encoding   

  12  0:01  Probe (Chrono Boost)  
  13  0:11  Probe (Chrono Boost)  
  14  0:18  Pylon  
  14  0:22  Probe (Chrono Boost)  
  15  0:36  Gateway, Probe (Chrono Boost)  
  16  0:47  Probe (Chrono Boost)  
  16  0:48  Assimilator  
  17  0:57  Probe (Chrono Boost)  
  18  1:08  Probe (Chrono Boost)  
  19  1:16  Assimilator  
  20  1:18  Probe (Chrono Boost)  
  20  1:32  Nexus  
  20  1:39  Cybernetics Core  
  20  1:40  Probe (Chrono Boost)  
  20  1:46  Assimilator  
  21  1:53  Pylon  
  22  1:54  Probe (Chrono Boost)  
  22  2:04  Probe (Chrono Boost)  
  23  2:12  Adept  
  26  2:17  Warp Gate  
  27  2:25  Stargate  
  27  2:28  Probe (Chrono Boost)  
  26  2:35  Adept  
  26  2:41  Probe (Chrono Boost)  
  29  2:46  Probe (Chrono Boost)  
  31  2:53  Probe (Chrono Boost)  
  31  2:57  Probe (Chrono Boost)  
  32  3:01  Adept  
  32  3:05  Oracle, Probe (Chrono Boost)  
  35  3:07  Probe (Chrono Boost)  
  39  3:17  Probe (Chrono Boost)  
  39  3:18  Probe (Chrono Boost)  
  41  3:28  Probe (Chrono Boost)  
  41  3:29  Probe (Chrono Boost)  
  43  3:39  Oracle  
  45  3:42  Pylon  
  45  3:45  Nexus  
  46  3:53  Pylon  
  46  4:01  Probe (Chrono Boost)  
  49  4:03  Mothership Core (Chrono Boost)  
  46  4:10  Gateway  
  46  4:12  Probe (Chrono Boost), Gateway, Phoenix  
  49  4:22  Probe (Chrono Boost)  
  49  4:23  Probe (Chrono Boost)  
  51  4:26  Assimilator  
  51  4:27  Adept  
  51  4:30  Assimilator  
  53  4:33  Probe (Chrono Boost)  
  53  4:34  Probe (Chrono Boost)  
  55  4:40  Pylon  
  55  4:44  Probe (Chrono Boost)  
  55  4:45  Robotics Facility  
  57  4:46  Probe (Chrono Boost)  
  55  5:02  Probe x3 (Chrono Boost)  
  58  5:07  Adept  
  58  5:10  Pylon  
  58  5:13  Probe x2 (Chrono Boost)  
  63  5:14  Probe (Chrono Boost)  
  63  5:18  Adept x2  
  67  5:23  Probe (Chrono Boost)  
  67  5:25  Probe x2 (Chrono Boost)  
  70  5:30  Oracle  
  70  5:31  Immortal  
  70  5:32  Pylon  
  70  5:34  Probe (Chrono Boost)  
  76  5:35  Probe (Chrono Boost)  
  76  5:36  Probe (Chrono Boost)  
  80  5:45  Robotics Bay  
  80  5:51  Stalker, Pylon  
  80  5:52  Probe (Chrono Boost)  
  80  5:53  Probe (Chrono Boost)  
  80  5:54  Stalker  
  88  6:04  Stalker, Probe (Chrono Boost)  
  89  6:11  Gateway  
  89  6:13  Gateway  
  89  6:14  Gateway  
  89  6:19  Stalker x2  
  89  6:25  Colossus, Probe (Chrono Boost)  
  94  6:26  Probe (Chrono Boost)  
  94  6:29  Probe (Chrono Boost)  
  102  6:36  Pylon  
  102  6:37  Probe (Chrono Boost)  
  102  6:39  Pylon  
  103  6:40  Sentry  
  103  6:42  Probe x2 (Chrono Boost)  
  103  6:46  Adept  
  109  6:50  Pylon  
  109  6:51  Assimilator  
  109  6:56  Stalker, Probe (Chrono Boost)  
  112  7:08  Stalker x3  
  112  7:15  Probe (Chrono Boost), Pylon  
  117  7:27  Assimilator, Pylon  
  117  7:28  Pylon  
  117  7:31  Colossus  
  117  7:33  Probe x2 (Chrono Boost)  
  117  7:36  Forge x2  
  125  7:45  Stalker x3  
  125  7:47  Probe (Chrono Boost)  
  125  7:49  Adept x3  
  138  7:52  Probe (Chrono Boost)  
  139  7:59  Twilight Council  
  139  8:02  Pylon  
  139  8:06  Pylon  
  139  8:08  Stalker  
  141  8:17  Pylon  
  141  8:25  Stalker  
  141  8:26  Probe (Chrono Boost)  
  127  8:37  Pylon  
  127  8:39  Pylon x2  
  124  8:45  Stalker  
  125  8:50  Robotics Bay  
  125  8:52  Resonating Glaives  
  125  8:53  Protoss Ground Armor Level 1  
  126  8:58  Stalker x2  
  126  9:00  Photon Cannon  
  131  9:02  Mothership Core (Chrono Boost)  
  131  9:03  Pylon  
  131  9:04  Photon Cannon  
  131  9:05  Pylon  
  131  9:06  Pylon  
  131  9:10  Gateway  
  131  9:11  Gateway  
  131  9:22  Pylon  
  131  9:23  Stalker x4  
  139  9:27  Adept x2  
  107  9:47  Stalker x4  
  107  9:48  Stalker x2  
  115  9:53  Colossus  
  115  9:59  Probe (Chrono Boost)  
  117  10:01  Probe (Chrono Boost)  
  123  10:11  Sentry, Adept x5  
  135  10:25  Stalker x2  
  125  10:37  Stalker x3  
  108  10:44  Stalker  
  108  10:46  Stalker x2  
Tags
 
Add a new tag
Caveats
  • Supply blocks, unpowered buildings, or Contaminate may cause inaccurate times.
  • Supply counts are checked every 10 seconds.